 Dungeon Crawl Stone Soup version 0.30-a0-341-g682706514a (webtiles) character file.

Game seed: 9700152375117737545

31790 Kinoniko the Bludgeoner (level 13, 0/107 HPs)
             Began as a Minotaur Fighter on Nov 2, 2022.
             Was the Champion of Okawaru.
             Shot with an arrow by Nessos (15 damage)
             ... on level 4 of the Lair of Beasts.
             The game lasted 00:17:10 (15939 turns).

Kinoniko the Bludgeoner (Minotaur Fighter)         Turns: 15939, Time: 00:17:11

Health: 0/107      AC: 28    Str: 24    XL:     13   Next: 27%
Magic:  14/19      EV:  6    Int:  9    God:    Okawaru [******]
Gold:   1244       SH: 11    Dex: 10    Spells: 12/12 levels left

rFire   . . .      SeeInvis +    C - +4 morningstar (freeze)
rCold   + . .      Faith    .    c - +0 buckler
rNeg    + + .      Spirit   .    J - +1 crystal plate armour of Serendipity {rC+ rN++ Stlth-}
rPois   .          Reflect  +    m - +3 hat "Nor Biar" {Int+2}
rElec   .          Harm     .    v - +0 cloak
rCorr   .          Rampage  .    K - +2 pair of gloves
Will    +....                    (no boots)
Stlth   ..........               G - amulet of reflection
HPRegen 0.37/turn                s - ring of see invisible
MPRegen 0.16/turn                x - ring of willpower

@: lethally poisoned (0 -> -9), finesse-ful
A: horns 2, retaliatory headbutt
a: Renounce Religion, Heroism, Finesse, Duel


You were on level 4 of the Lair of Beasts.
You worshipped Okawaru.
Okawaru was exalted by your worship.
You visited 2 branches of the dungeon, and saw 14 of its levels.

You collected 1244 gold pieces.

Inventory:

Hand Weapons
 b - the +2 broad axe of Ydghiubikacs {protect, rN+ Str-2 Int+3}
   (You found it on level 8 of the Dungeon)

   It grants its wielder temporary protection when it strikes (+7 to AC).
   Str:       It affects your strength (-2).
   Int:       It affects your intelligence (+3).
   rN:        It protects you from negative energy.
 C - a +4 morningstar of freezing (weapon)
Missiles
 H - a throwing net (quivered)
Armour
 c - a +0 buckler (worn)
 m - the +3 hat "Nor Biar" (worn) {Int+2}
   (Okawaru gifted it to you on level 1 of the Lair of Beasts)

   Int:       It affects your intelligence (+2).
 v - a +0 cloak (worn)
 J - the +1 crystal plate armour of Serendipity (worn) {rC+ rN++ Stlth-}
   (Okawaru gifted it to you on level 8 of the Dungeon)

   rC:        It protects you from cold.
   rN:        It greatly protects you from negative energy.
   Stlth:     It makes you less stealthy.
 K - a +2 pair of gloves (worn)
Jewellery
 a - a +6 ring of intelligence
 s - a ring of see invisible (left hand)
 x - a ring of willpower (right hand)
 y - an amulet of magic regeneration
 E - a +6 ring of intelligence
 G - an amulet of reflection (around neck)
 M - a +6 ring of intelligence
Wands
 p - a wand of roots (14)
 B - a wand of flame (13)
 L - a wand of paralysis (5)
Scrolls
 e - 2 scrolls of immolation
 g - a scroll of torment
 h - 4 scrolls of vulnerability
 j - 2 scrolls of identify
 k - 4 scrolls of teleportation
 o - a scroll of blinking
 u - 3 scrolls of amnesia
 w - 4 scrolls of poison
 D - a scroll of fear
 F - 4 scrolls of brand weapon
 I - a scroll of magic mapping
 N - a scroll of silence
Potions
 d - a potion of might
 f - 3 potions of attraction
 i - 3 potions of curing
 l - 2 potions of invisibility
 n - 2 potions of haste
 q - 2 potions of flight
 r - 3 potions of brilliance
 t - 3 potions of mutation
 z - 2 potions of cancellation
 A - a potion of resistance


   Skills:
 + Level 7.8 Fighting
 - Level 12.3(15.6) Axes
 * Level 15.6(17.3) Maces & Flails
 + Level 8.8 Armour
 + Level 7.1 Dodging
 + Level 8.7 Shields
 - Level 9.6 Invocations


You had 12 spell levels left.
You didn't know any spells.
Your spell library contained the following spells:

 Spells                   Type           Power      Damage    Failure   Level
 Magic Dart               Conj           0%         1d3       100%        1
 Necrotise                Necr           0%         1d4       100%        1
 Sandblast                Erth           0%         2d4       100%        1
 Slow                     Hex            0%         N/A       100%        1
 Passwall                 Tmut/Erth      0%         N/A       100%        2
 Searing Ray              Conj           0%         2d4       100%        2
 Confusing Touch          Hex            0%         N/A       100%        3
 Portal Projectile        Hex/Tloc       0%         N/A       100%        3
 Stone Arrow              Conj/Erth      0%         3d7       100%        3
 Vampiric Draining        Necr           0%         2d6       100%        3
 Fulminant Prism          Conj/Hex       0%         3d5       100%        4
 Agony                    Necr           0%         N/A       100%        5
 Blade Hands              Tmut           0%         N/A       100%        5
 Tukima's Dance           Hex            Unusable   N/A       N/A         3

Dungeon Overview and Level Annotations

Branches:
Dungeon (10/15)            Temple (0/1) D:4            Lair (4/5) D:10
  Swamp (0/4) Lair:3       Spider (0/4) Lair:3          Orc (0/2) D:9
  Slime: Lair:4-5

Altars:
Ashenzari
Cheibriados
Dithmenos
Fedhas
Gozag
Hepliaklqana
Nemelex Xobeh
Okawaru
Qazlal
Ru
Uskayaw
Xom
Yredelemnul
Zin
The Shining One
Jiyva

Shops:
D:8 (

Annotations:
D:1 1 transporter
D:9 2 transporters, exclusion: ice statue, Bnni's ghost, journeyman FoFi
Lair:4 1 runed translucent door, Nessos


Innate Abilities, Weirdness & Mutations

You have a pair of horns on your head.
You reflexively headbutt those who attack you in melee.


Message History

The blink frog croaks.
The dream sheep bleats!
Nessos wields a +3 longbow of flaming.
It bursts into flame!
Nessos shoots an arrow.
The arrow hits you!
* * * LOW HITPOINT WARNING * * *
The arrow burns you.
You are more poisoned.
* * * LOW HITPOINT WARNING * * *
The blink frog blinks!
Nessos shoots an arrow.
You reflect the arrow off an invisible shield around you!
The arrow hits Nessos!!
The arrow burns Nessos.
Nessos looks as sick as possible!
A dream sheep comes into view.
The dream sheep barely misses you.
Unknown command.
Unknown command.
The dream sheep bleats!
You hit the dream sheep. You freeze the dream sheep.
The dream sheep is lightly wounded.
You feel sick.
Nessos shoots an arrow.
The arrow hits you but does no damage.
The dream sheep bites you but does no damage.
A dream sheep comes into view.
Unknown command.
Unknown command.
The dream sheep bleats!
You puncture the dream sheep! You freeze the dream sheep.
The dream sheep is almost dead.
You feel sick.
Nessos mumbles some strange words.
Nessos blinks!
The blink frog blinks!
Unknown command.
Unknown command.
You closely miss the dream sheep. Your headbutt misses the dream sheep.
The dream sheep is almost dead.
You feel sick.
You closely miss the dream sheep. You headbutt the dream sheep.
You kill the dream sheep!
Okawaru accepts your kill.
You feel sick.
You feel sick.
Nessos shoots an arrow.
The arrow hits you!
You die... .......
Y...... .YY.... ......F ..Y..### FF...

## ##.F####..#
#P§@....c.# #
###....#.P# ####
#...### ...####
#..## #.....#####
###.##
####.....P##.#..#
#.####....##.##
### ##......##
#.#[.†.....#


You could see Nessos (fast, extremely poisoned), 4 blink frogs and 4 dream
sheep.

Vanquished Creatures
  Snorg (D:10)
  2 hydras
  Erica (Lair:1)
  2 two-headed ogres
  The ghost of Tarias the Carver, a novice MiFi of the Shining One (D:8)
  2 oklob plants (Lair:1)
  An ugly thing (D:9)
  A cyclops (D:8)
  7 elephants
  A black mamba (Lair:3)
  A gargoyle (D:9)
  5 cane toads
  5 rime drakes
  Psyche (D:10)
  6 komodo dragons
  A troll (D:10)
  A tyrant leech (Lair:3)
  A meliai (Lair:3)
  Prince Ribbit (D:7)
  2 polar bears
  A dream sheep (Lair:4)
  4 blink frogs (Lair:1)
  A shadow (D:9)
  32 yaks
  2 wraiths
  4 wyverns
  4 basilisks
  3 wargs (D:8)
  A swamp worm (Lair:3)
  3 acid dragons
  15 water moccasins
  An ice beast (D:7)
  2 sky beasts
  4 black bears
  10 orc warriors
  5 ogres
  10 wolves
  A centaur (D:8)
  5 kobold brigands
  2 necrophages (D:5)
  11 bullfrogs
  4 scorpions
  4 gnoll sergeants
  8 wights
  15 killer bees
  13 howler monkeys
  6 electric eels
  4 jellies
  A gnoll bouda (D:6)
  6 orc priests
  12 hounds
  5 iguanas
  18 orc wizards
  4 hell rats (Lair:2)
  18 gnolls
  5 adders
  2 shadow imps
  An ufetubus (D:6)
  3 worms
  5 dart slugs
  26 orcs
  11 ball pythons
  8 endoplasms
  4 giant cockroaches (D:2)
  8 goblins
  10 hobgoblins
  7 jackals
  3 quokkas
  7 bats
  5 frilled lizards (D:1)
  24 kobolds
  6 rats
417 creatures vanquished.

Vanquished Creatures (others)
  A kobold brigand (D:8)
  A gnoll (D:10)
  10 fungi
  15 plants
27 creatures vanquished.

Grand Total: 444 creatures vanquished

Notes
Turn   | Place    | Note
-------+----------+-------------------------------------------
     0 | D:1      | Kinoniko the Minotaur Fighter began the quest for the Orb.
     0 | D:1      | Reached XP level 1. HP: 19/19 MP: 0/0
   190 | D:1      | Reached XP level 2. HP: 26/26 MP: 1/1
   445 | D:1      | Reached XP level 3. HP: 24/31 MP: 2/2
   929 | D:2      | Found an iron altar of Okawaru.
   944 | D:2      | Became a worshipper of Warmaster Okawaru
  1046 | D:2      | Reached skill level 5 in Axes
  1090 | D:2      | Reached XP level 4. HP: 29/39 MP: 3/3
  1331 | D:2      | Found a faded altar of an unknown god.
  1388 | D:2      | Found a hide-covered altar of Uskayaw.
  2141 | D:3      | Found a shadowy altar of Dithmenos.
  2335 | D:3      | Found a shimmering altar of Xom.
  2348 | D:3      | Reached XP level 5. HP: 25/45 MP: 4/4
  2578 | D:4      | Found an opulent altar of Gozag.
  2629 | D:4      | Found a stormy altar of Qazlal.
  2774 | D:4      | Found a staircase to the Ecumenical Temple.
  2810 | D:4      | Found a glowing silver altar of Zin.
  2811 | D:4      | Found a basalt altar of Yredelemnul.
  2821 | D:4      | Found a glowing golden altar of the Shining One.
  2822 | D:4      | Found a sparkling altar of Nemelex Xobeh.
  2824 | D:4      | Found a sacrificial altar of Ru.
  2824 | D:4      | Found a broken altar of Ashenzari.
  2825 | D:4      | Found a snail-covered altar of Cheibriados.
  2912 | D:5      | Entered Level 5 of the Dungeon
  3067 | D:5      | Reached * piety under Okawaru
  3068 | D:5      | Reached XP level 6. HP: 51/51 MP: 5/5
  3084 | D:5      | Reached skill level 1 in Invocations
  3781 | D:5      | Reached XP level 7. HP: 57/57 MP: 7/7
  4080 | D:6      | Reached ** piety under Okawaru
  4187 | D:6      | Reached skill level 10 in Axes
  4201 | D:6      | Reached XP level 8. HP: 46/64 MP: 8/10
  4793 | D:6      | Reached *** piety under Okawaru
  4794 | D:6      | Reached skill level 5 in Invocations
  5026 | D:7      | Noticed Prince Ribbit
  5046 | D:7      | Killed Prince Ribbit
  5239 | D:7      | Reached XP level 9. HP: 44/70 MP: 10/12
  5378 | D:7      | Reached skill level 1 in Maces & Flails
  5401 | D:7      | Reached skill level 2 in Maces & Flails
  5600 | D:7      | Reached skill level 3 in Maces & Flails
  5696 | D:7      | Found an iron altar of Okawaru.
  6054 | D:7      | Reached skill level 4 in Maces & Flails
  6061 | D:7      | Reached **** piety under Okawaru
  6065 | D:7      | Reached skill level 5 in Maces & Flails
  6070 | D:7      | Reached skill level 6 in Maces & Flails
  6236 | D:7      | Reached skill level 7 in Maces & Flails
  6422 | D:8      | Found Vuigicaf's Weapon Boutique.
  6466 | D:8      | Found a hazy altar of Hepliaklqana.
  6469 | D:8      | Noticed a two-headed ogre
  6471 | D:8      | Reached ***** piety under Okawaru
  6474 | D:8      | Killed a two-headed ogre
  6475 | D:8      | Reached skill level 8 in Maces & Flails
  6475 | D:8      | Reached XP level 10. HP: 18/77 MP: 12/14
  6481 | D:8      | HP: 2/77 [orc wizard/magic dart (3)]
  6487 | D:8      | Reached skill level 9 in Maces & Flails
  6926 | D:8      | Reached skill level 10 in Maces & Flails
  7257 | D:8      | Noticed a cyclops
  7268 | D:8      | Killed a cyclops
  7270 | D:8      | Identified the +1 crystal plate armour of Serendipity {rC+
                  | rN++ Stlth-} (Okawaru gifted it to you on level 8 of the
                  | Dungeon)
  7270 | D:8      | Received a gift from Okawaru
  7309 | D:8      | Reached skill level 11 in Maces & Flails
  7750 | D:8      | Reached skill level 1 in Dodging
  7766 | D:8      | Reached XP level 11. HP: 67/82 MP: 16/16
  8062 | D:8      | Found a runed translucent gate.
  8067 | D:8      | Found a runed translucent gate.
  8067 | D:8      | Noticed Tarias's ghost (novice MiFi)
  8067 | D:8      | Noticed a ten-headed hydra
  8068 | D:8      | Found a runed translucent gate.
  8453 | D:8      | Killed a ten-headed hydra
  8458 | D:8      | Killed Tarias's ghost
  8459 | D:8      | Reached skill level 12 in Maces & Flails
  8462 | D:8      | Identified the +2 broad axe of Ydghiubikacs {protect, rN+
                  | Str-2 Int+3}
  8624 | D:9      | Found a staircase to the Orcish Mines.
  8774 | D:9      | Found a transporter.
  8793 | D:9      | Noticed Bnni's ghost (journeyman FoFi)
  8794 | D:9      | Noticed a brown ugly thing
  8796 | D:9      | Found a transporter.
  8797 | D:9      | Noticed a two-headed ogre
  8809 | D:9      | Noticed a brown ugly thing
  8878 | D:9      | Noticed a death drake
  9020 | D:9      | Reached skill level 5 in Shields
  9022 | D:9      | Reached skill level 5 in Armour
  9033 | D:9      | Noticed a red ugly thing
  9043 | D:9      | Killed a red ugly thing
  9301 | D:9      | Noticed a boulder beetle
  9856 | D:10     | Entered Level 10 of the Dungeon
 10176 | D:10     | Found a staircase to the Lair.
 10247 | D:10     | Reached skill level 13 in Maces & Flails
 10418 | D:10     | Noticed a two-headed ogre
 10424 | D:10     | Killed a two-headed ogre
 10424 | D:10     | Reached ****** piety under Okawaru
 10424 | D:10     | Identified the +1 plate armour "Jurug" {rPois Dex+3}
                  | (Okawaru gifted it to you on level 10 of the Dungeon)
 10424 | D:10     | Received a gift from Okawaru
 10725 | D:10     | Noticed Snorg
 10738 | D:10     | Killed Snorg
 10922 | D:10     | Noticed Psyche
 10934 | D:10     | Killed Psyche
 11707 | Lair:1   | Entered Level 1 of the Lair of Beasts
 11731 | Lair:1   | Reached XP level 12. HP: 79/93 MP: 18/18
 11733 | Lair:1   | Reached skill level 5 in Fighting
 11913 | Lair:1   | Reached skill level 5 in Dodging
 12213 | Lair:1   | Reached skill level 14 in Maces & Flails
 12313 | Lair:1   | Identified the +12 quarterstaff "Zaressel" {vorpal, rPois
                  | rCorr Dex-4 Stlth+}
 12525 | Lair:1   | Identified the +3 hat "Nor Biar" {Int+2} (Okawaru gifted it
                  | to you on level 1 of the Lair of Beasts)
 12525 | Lair:1   | Received a gift from Okawaru
 12782 | Lair:1   | Noticed Erica
 12797 | Lair:1   | Killed Erica
 12971 | Lair:1   | Found a blossoming altar of Fedhas.
 13475 | Lair:2   | Noticed a five-headed hydra
 13482 | Lair:2   | Killed a five-headed hydra
 13685 | Lair:2   | Reached skill level 15 in Maces & Flails
 14059 | Lair:2   | Reached XP level 13. HP: 105/105 MP: 19/19
 14420 | Lair:3   | Found a hole to the Spider Nest.
 15255 | Lair:3   | Found a staircase to the Swamp.
 15705 | Lair:4   | Identified the +2 robe "Souf" {rPois Regen+ SInv} (Okawaru
                  | gifted it to you on level 4 of the Lair of Beasts)
 15705 | Lair:4   | Received a gift from Okawaru
 15714 | Lair:4   | Found a runed translucent door.
 15715 | Lair:4   | Found a viscous altar of Jiyva.
 15927 | Lair:4   | Noticed Nessos
 15939 | Lair:4   | Shot with an arrow by Nessos

Illustrated notes

Levels and vault maps discovered:
D:1:      spicycebolla_arrival_risky_transporter, layout_loops_cross,
          minmay_misc_feat_enclosed, serial_bayou_pond_d, minmay_box_of_dots
D:2:      minmay_door_path, layout_loops_corners,
          shapermc_ecumenical_altar_mp_ritualfount, basic_altar, serial_bayou,
          serial_bayou_pond_b, serial_bayou_pond_b, serial_bayou_pond_d,
          serial_bayou_pond_a, grunt_ministairs_8, minmay_hexomino_r4
D:3:      layout_loops_ring, mainiacjoe_overflow_six_doors_small,
          dk_xom_monty_hall
D:4:      layout_rooms, grunt_qazlal_sundering, grunt_temple_overflow_open,
          minmay_temple_entry_metal_lava
D:5:      layout_loops_corners, nicolae_fountain_basement
D:6:      layout_loops_ring
D:7:      layout_loops_corners, hellmonk_okawaru_the_only_friend_you_need,
          uniq_prince_ribbit1
D:8:      lemuel_castle_with_subvaults [lemuel_castle_interior_carwin_2],
          layout_cave_pods, gammafunk_ghost_hydra_chop, serial_shops,
          nicolae_stop_n_shop_2, minmay_ruined_shrine
D:9:      layout_stronghold, orc_david_3, nzn_ghost_randoct
D:10:     layout_cave_pools, erik_lair_island, uniq_psyche, uniq_snorg
Lair:1:   layout_long_grid, hangedman_tree_tricks, grunt_megastairs_1,
          uniq_erica
Lair:2:   layout_roguey
Lair:3:   layout_concentric_octagons, minmay_swamp_entry_worms,
          hellmonk_spider_entry_not_the_bees, nicolae_quartered_pool_little,
          lemuel_fruit_tree
Lair:4:   layout_cave_pods, slime_entry_2, lookout_lair_type,
          infiniplex_staircase_pool_2, uniq_nessos

Skill      XL: |  1  2  3  4  5  6  7  8  9 10 11 12 13 |
---------------+----------------------------------------+-----
Axes           | 3 4 5 6 7 8 10 12 | 12.3
Invocations    | 2 4 5 7 9 |  9.6
Maces & Flails | 8 11 13 15 | 15.6
Shields        | 4 6 8 |  8.7
Armour         | 4 6 8 |  8.8
Dodging        | 1 4 6 7 |  7.1
Fighting       | 4 7 |  7.8

Action                   |  1- 3 |  4- 6 |  7- 9 | 10-12 | 13-15 || total
-------------------------+-------+-------+-------+-------+-------++-------
Melee: War axe           |    94 |   129 |   121 |       |       ||   344
       Headbutt          |     8 |    15 |    35 |   117 |    22 ||   197
       Morningstar       |       |       |    77 |   647 |   123 ||   847
Invok: Heroism           |       |       |     3 |     6 |     1 ||    10
       Finesse           |       |       |       |     1 |     1 ||     2
  Use: Scroll            |       |     8 |     1 |    10 |     4 ||    23
       Potion            |       |       |       |     5 |     5 ||    10
 Stab: Invisible         |       |       |       |     1 |     1 ||     2
Armor: Scale mail        |    56 |    39 |       |       |       ||    95
       Chain mail        |       |    28 |    96 |    53 |       ||   177
       Crystal plate arm |       |       |       |   386 |    81 ||   467
Dodge: Dodged            |    37 |    35 |    64 |   128 |    33 ||   297
Block: Buckler           |    17 |    25 |    27 |   322 |    77 ||   468
       Reflection        |       |       |       |     6 |     4 ||    10

Table legend: (Time is in decaauts)
 A = Elapsed time spent in this place.
 B = Non-inter-level travel time spent in this place.
 C = Inter-level travel time spent in this place.
 D = Time resting spent in this place.
 E = Time spent auto-exploring this place.
 F = Levels seen in this place.
 G = Mean time per level.
                   A        B        C        D        E       F      G
               +--------+--------+--------+--------+--------+-----+--------+
         Total |  15883 |  15563 |    320 |   2304 |  10866 |  14 | 1134.5 |
       Dungeon |  11740 |  11494 |    246 |   1691 |   8009 |  10 | 1174.0 |
          Lair |   4143 |   4069 |     74 |    613 |   2856 |   4 | 1035.8 |
               +--------+--------+--------+--------+--------+-----+--------+

Top non-repeatable levels by time:
     D:8: 2195 daAuts
    D:10: 1838 daAuts
  Lair:1: 1502 daAuts
     D:7: 1435 daAuts
     D:9: 1219 daAuts
  Lair:3: 1213 daAuts
     D:5: 1172 daAuts
     D:2: 1125 daAuts
  Lair:2: 1053 daAuts
     D:6: 909 daAuts
     D:3: 775 daAuts
     D:1: 731 daAuts
  Lair:4: 374 daAuts
     D:4: 337 daAuts
